 Dungeon Crawl Stone Soup version 0.25-a0-265-g7af84ae0ac (webtiles) character file.

Game seed: 10050714615536990106, levelgen mode: deterministic

331836 Arixos the Jinx (level 20, -6/158 HPs)
             Began as a Demonspawn Monk on Dec 4, 2019.
             Was a High Priest of Ru.
             Mangled by an ironbrand convoker
             ... wielding a +0 morningstar
              (8 damage)
             ... on level 1 of the Vaults on Dec 8, 2019.
             The game lasted 06:29:13 (60028 turns).

Arixos the Jinx (Demonspawn Monk)                  Turns: 60028, Time: 06:29:13

Health: -6/158     AC: 23    Str: 16    XL:     20   Next: 88%
Magic:  19/27      EV: 16    Int: 15    God:    Ru [*****.]
Gold:   1731       SH: 39    Dex: 20    Spells: 21/39 levels left

rFire    + + +     SeeInvis .   a - +6 rapier (freeze)
rCold    + + .     Gourm    .   e - +18 shield of the Gong {rElec rN+ MR+ EV-5}
rNeg     + + .     Faith    .   N - +4 faerie dragon scales {rPois rC+ rCorr}
rPois    +         Spirit   .   u - +3 hat "Movota" {rElec MR+ Int+2}
rElec    +         Reflect  .   E - scarf {rC+ rF+}
rCorr    +         Harm     .   q - +1 pair of gloves of Furig {rPois rF+ Str-3 Slay+3}
MR       +++..                  (boots unavailable)
Stlth    ++++++++..             I - amulet "Jeputz" {Regen+ Str+2}
HPRegen  0.76/turn              f - ring of positive energy
MPRegen  0.20/turn              s - +5 ring of protection

@: exhausted, berserk cooldown, very slightly contaminated, hasted and slowed,
lightly drained, invisible
A: hooves 3, large bone plates 3, agile 1, fire resistance 1, low mp 2,
nightstalker 3, flame cloud immunity, inability to use devices, hated by all,
missing an eye
}: 2/15 runes: serpentine, barnacled
a: Draw Out Power, Power Leap, Apocalypse, Renounce Religion


You were on level 1 of the Vaults.
You worshipped Ru.
Ru was extremely pleased with you.
You were not hungry.

You visited 9 branches of the dungeon, and saw 38 of its levels.
You also visited: Gauntlet and Volcano.

You collected 4196 gold pieces.
You spent 2465 gold pieces at shops.

Inventory:

Hand Weapons
 a - a +6 rapier of freezing (weapon)
 b - a +3 rapier of draining
 K - a +2 rapier of flaming
Armour
 e - the +18 shield of the Gong (worn) {rElec rN+ MR+ EV-5}
   (You took it off Donald on level 1 of the Vaults)

   It affects your evasion (-5).
   It insulates you from electricity.
   It protects you from negative energy.
   It affects your resistance to hostile enchantments.
 q - the +1 pair of gloves of Furig (worn) {rPois rF+ Str-3 Slay+3}
   (You acquired it on level 12 of the Dungeon)

   It affects your strength (-3).
   It affects your accuracy and damage with ranged weapons and melee attacks
   (+3).
   It protects you from fire.
   It protects you from poison.
 u - the +3 hat "Movota" (worn) {rElec MR+ Int+2}
   (You acquired it on level 2 of the Snake Pit)

   It affects your intelligence (+2).
   It insulates you from electricity.
   It affects your resistance to hostile enchantments.
 E - a scarf of resistance (worn)
 F - a +0 troll leather armour
 N - the +4 faerie dragon scales (worn) {rPois rC+ rCorr}
   (You took it off the Enchantress on level 3 of the Depths)

   It protects you from cold.
   It protects you from poison.
   It provides partial protection from all sources of acid and corrosion.
Jewellery
 d - an uncursed ring of resist corrosion
 f - a ring of positive energy (left hand)
 p - an uncursed ring of protection from cold
 s - a +5 ring of protection (right hand)
 G - the ring "Onosiupn" {rElec MR+ Str-2 Dex+5 Stlth+}
   (You took it off a merfolk on level 4 of the Shoals)

   [ring of protection from magic]

   It affects your strength (-2).
   It affects your dexterity (+5).
   It insulates you from electricity.
   It affects your resistance to hostile enchantments.
   It makes you more stealthy.
 I - the amulet "Jeputz" (around neck) {Regen+ Str+2}
   (You found it on level 3 of the Shoals)

   [amulet of regeneration]

   It affects your strength (+2).
   It increases your rate of regeneration.
Scrolls
 g - 23 scrolls of remove curse
 j - 9 scrolls of identify
 k - 5 scrolls of fog
 l - 11 scrolls of teleportation
 n - 5 scrolls of enchant armour
 w - 3 scrolls of magic mapping
 y - 2 scrolls of fear
 A - a scroll of enchant weapon
 C - 3 scrolls of amnesia
Potions
 c - 5 potions of lignification
 i - 4 potions of brilliance
 m - a potion of ambrosia {unknown}
 r - a potion of heal wounds
 v - 4 potions of mutation
 x - 11 potions of curing
 D - a potion of berserk rage
 H - 2 potions of magic
 M - a potion of agility
Comestibles
 h - 16 chunks of flesh
 o - 46 rations


   Skills:
 + Level 13.8(13.3) Fighting
 + Level 12.3(11.8) Short Blades
 + Level 12.4(12.0) Armour
 + Level 12.7(12.2) Dodging
 + Level 13.5(13.0) Stealth
 * Level 13.4(12.9) Shields
 - Level 2.6(2.3) Unarmed Combat
 - Level 10.0(9.5) Spellcasting
 + Level 14.6(14.1) Hexes
 + Level 9.0(8.6) Translocations


You had 21 spell levels left.
You knew the following spells:

 Your Spells              Type           Power        Failure   Level  Hunger
a - Ensorcelled Hibernat  Hex/Ice        ####..       1%          2    None
c - Confuse               Hex            #####...     1%          3    #......
e - Blink                 Tloc           N/A          1%          2    None
i - Invisibility          Hex            #####...     8%          6    ######.
t - Confusing Touch       Hex            #####.       1%          1    None
E - Passage of Golubria   Tloc           N/A          4%          4    ###....

Your spell library contained the following spells:

 Spells                   Type           Power        Failure   Level  Hunger
 Corona                   Hex            #####..      1%          1    None
 Slow                     Hex            #####...     1%          2    None
 Gell's Gravitas          Tloc           ####......   1%          3    #......
 Lesser Beckoning         Tloc           ####......   1%          3    #......
 Portal Projectile        Hex/Tloc       #####.       1%          3    #......
 Teleport Other           Tloc           ####....     1%          3    #......
 Cause Fear               Hex            #####.....   1%          4    ###....
 Dazzling Flash           Conj/Hex       ####..       2%          3    #......
 Inner Flame              Hex/Fire       ####....     2%          3    #......
 Shroud of Golubria       Chrm/Tloc      ###...       4%          2    None
 Darkness                 Hex            #####.....   8%          6    ######.
 Fulminant Prism          Conj/Hex       ####......   10%         4    ###....
 Leda's Liquefaction      Hex/Erth       ####......   10%         4    ###....
 Foxfire                  Conj/Fire      #...         17%         1    None
 Magic Dart               Conj           #...         17%         1    None
 Poisonous Vapours        Pois/Air       #.....       26%         2    None
 Searing Ray              Conj           #.....       26%         2    None
 Metabolic Englaciation   Hex/Ice        ####......   26%         5    #####..
 Yara's Violent Unravell  Hex/Tmut       ####......   26%         5    #####..
 Iskenderun's Mystic Bla  Conj/Tloc      ###.....     28%         4    ###....
 Conjure Flame            Conj/Fire      #.......     45%         3    #......
 Mephitic Cloud           Conj/Pois/Air  #.......     45%         3    #......
 Ozocubu's Armour         Chrm/Ice       #.......     45%         3    #......
 Static Discharge         Conj/Air       #.......     45%         3    #......
 Ice Form                 Ice/Tmut       #.......     86%         4    ###....
 Petrify                  Tmut/Erth      #.......     86%         4    ###....
 Lightning Bolt           Conj/Air       #.........   99%         5    #####..
 Conjure Ball Lightning   Conj/Air       #.........   100%        6    ######.
 Eringya's Noxious Bog    Tmut/Pois      #.........   100%        6    ######.
 Freezing Cloud           Conj/Ice/Air   #.........   100%        6    ######.
 Ozocubu's Refrigeration  Ice            #.........   100%        6    ######.
 Statue Form              Tmut/Erth      #........    100%        6    ######.
 Ring of Flames           Chrm/Fire      #.........   100%        7    #######
 Ignition                 Fire           #.........   100%        8    #######
 Shatter                  Erth           #.........   100%        9    #######
 Tornado                  Air            #.........   100%        9    #######
 Recall                   Summ/Tloc      Unusable     N/A         3    N/A
 Call Imp                 Summ           Unusable     N/A         2    N/A
 Summon Hydra             Summ           Unusable     N/A         7    N/A

Dungeon Overview and Level Annotations

Branches:
Dungeon (15/15)            Temple (1/1) D:5            Lair (6/6) D:9
 Shoals (4/4) Lair:2        Snake (4/4) Lair:2        Slime (0/5) Lair:6
    Orc (2/2) D:9             Elf (2/3) Orc:2        Vaults (1/5) D:13
 Depths (3/5) D:15        Volcano (visited)         Gauntlet (visited)

Altars:
Ashenzari
Cheibriados
Dithmenos
Elyvilon
Fedhas
Gozag
Hepliaklqana
Kikubaaqudgha
Makhleb
Nemelex Xobeh
Okawaru
Qazlal
Ru
Sif Muna
Trog
Uskayaw
Vehumet
Wu Jian
Xom
Yredelemnul
Zin
The Shining One

Shops:
D:13 [   Orc:2 :[*(   Elf:1 =   Shoals:1 (   Shoals:2 :   Snake:1 (:%(
Snake:4 :   Depths:2 %[

Portals:
Hell: Depths:1 Depths:2 Depths:3
Abyss: Depths:3
Pandemonium: Depths:3
Ziggurat: Depths:2
Bazaar: Depths:2

Annotations:
Shoals:1 2 transporters, exclusion: kraken, Dufu's ghost, adept HaAM
Shoals:3 Ilsuiw
Shoals:4 1 exclusion
Depths:1 exclusion: downstairs
Depths:3 Boris


Innate Abilities, Weirdness & Mutations

You have hooves in place of feet.
You are completely covered in large bone plates. (SH +8)
((A demonic guardian rushes to your aid.))
Your flesh is heat resistant. (rF+)
Your magical capacity is very low. (-20% MP)
You are completely attuned to the shadows.
You are immune to clouds of flame.
You cannot study or use magical devices.
You are hated by all.
You are missing an eye, making it more difficult to aim.
You are agile. (Dex +2)


Message History

Okay, then.
Casting: Confusing Touch (safe; 1% risk of failure)
Confirm with . or Enter, or press ? or * to list all spells.
Aiming: Invisibility (slightly dangerous; 9% risk of failure)
Press: ? - help, Shift-Dir - straight line, f - you You fade into invisibility!
The ironbrand convoker is stunned by your will and fails to attack.
You block the vault guard's attack.
GONNNNG!
The yaktaur hits you but does no damage.
You hear a shout!
You hear a deafening roar!
You hear a horrible gurgling sound!
You hear a shout! x2; You hear a screech!
The helpless vault warden fails to defend itself.
You skewer the vault warden like a kebab!!!!
You freeze the vault warden.
You kill the vault warden!
You block the vault guard's attack.
GONNNNG!
The ironbrand convoker hits you with a +0 morningstar!
You die...

#..# #..#
#..# #..#
#(.#
#.)###### #
#p.(..... #.
#)c))....
#..#@p.(....
#.)+pp......
#..#).......
## #.......#
.......##
......


You could see 2 vault guards, 2 ironbrand convokers and a yaktaur.

Vanquished Creatures
  Vashnia (Snake:4)
  Saint Roka (Depths:1)
  A golden dragon (Depths:2)
  the Enchantress (Depths:3)
  Jorgrun (D:15)
  A lich (Depths:1)
  Polyphemus (Shoals:3)
  Kirke (Lair:4)
  Donald (Vaults:1)
  9 nagarajas
  A vault warden (Vaults:1)
  A fire giant (Vaults:1)
  2 deep elf sorcerers (Elf:1)
  2 frost giants
  The ghost of Veteran the Protected, a journeyman DDFi of Makhleb (Snake:2)
  2 ironheart preservers (Vaults:1)
  3 spriggan defenders (Depths:3)
  6 stone giants
  A vampire knight (Depths:3)
  4 very ugly things
  A deep elf annihilator (Elf:1)
  The ghost of Fotwecig the Thaumaturge, a journeyman GnWz of Cheibriados (Lair:4)
  2 deep elf death magi
  8 merfolk javelineers
  4 merfolk impalers
  A deep elf high priest (Elf:1)
  A fire dragon (Depths:2)
  9 ettins
  6 yaktaur captains
  A great orb of eyes (Depths:1)
  2 ogre magi
  20 naga warriors
  A vault guard (Vaults:1)
  2 ice dragons
  A rakshasa (Depths:3)
  A hell beast (Depths:3)
  3 spriggan air magi
  3 hydras
  4 merfolk avatars
  2 satyrs
  16 two-headed ogres
  29 dancing weapons
  5 merfolk aquamancers (Shoals:4)
  An alligator snapping turtle (Shoals:4)
  2 vampire magi (Depths:3)
  6 centaur warriors
  4 anacondas
  5 catoblepae
  3 tengu warriors
  5 deep troll earth magi
  18 death yaks
  6 deep troll shamans
  18 naga sharpshooters
  A spriggan berserker (Depths:3)
  A soul eater (Depths:3)
  5 hell knights (Depths:2)
  12 deep elf knights
  6 shock serpents
  Sonja (Orc:1)
  5 salamander mystics
  5 skeletal warriors (D:15)
  3 iron trolls (Depths:1)
  10 sea snakes
  12 deep trolls
  An infernal demonspawn (Depths:3)
  An orange crystal statue (Depths:2)
  3 glowing orange brains
  A deep troll (shapeshifter) (Depths:2)
  5 unseen horrors
  Pikel (D:8)
  3 wizards
  14 naga ritualists
  18 harpies
  10 deep elf archers
  3 ironbrand convokers (Vaults:1)
  An orc knight (D:15)
  12 mana vipers
  19 ugly things
  A necromancer (Vaults:1)
  2 oklob plants (Lair:6)
  66 deep elf magi
  4 orc sorcerers
  12 cyclopes
  13 manticores
  15 fauns
  16 salamanders
  7 elephants
  33 black mambas
  Joseph (D:7)
  21 naga magi
  2 water nymphs (Shoals:4)
  6 guardian serpents
  8 merfolk sirens
  A molten gargoyle (Volcano)
  8 spiny frogs
  2 spiny frogs (shapeshifter)
  5 spectral swamp worms (Depths:1)
  3 rime drakes
  An efreet (Volcano)
  A kobold demonologist (D:14)
  10 komodo dragons
  13 yaktaurs
  30 merfolk
  A hellwing (Depths:3)
  3 tengu conjurers
  A red devil (Depths:3)
  7 trolls
  A meliai (shapeshifter) (D:13)
  A spectral guardian serpent (Snake:2)
  2 polar bears
  A troll (shapeshifter) (D:12)
  10 wind drakes
  8 snapping turtles
  5 dream sheep (Lair:6)
  5 blink frogs (Lair:1)
  12 hippogriffs
  12 slime creatures
  4 hornets
  A hippogriff (shapeshifter) (Vaults:1)
  Sigmund (D:2)
  A shock serpent simulacrum (Snake:2)
  2 spectral black mambas (Snake:2)
  A centaur simulacrum (D:15)
  4 wyverns
  An air elemental (Elf:2)
  2 wraiths
  3 shadows
  2 basilisks (shapeshifter)
  2 spriggans (Depths:3)
  A vampire (D:14)
  7 fire elementals
  24 water elementals
  A human (D:7)
  6 basilisks
  6 fire bats (Volcano)
  8 hogs
  43 yaks
  A steam dragon (D:11)
  3 hungry ghosts
  2 vampire mosquitoes (D:15)
  A warg (D:15)
  68 nagas
  3 acid dragons
  14 water moccasins
  2 hell hounds (Orc:1)
  8 porcupines
  A water moccasin (shapeshifter) (Depths:2)
  4 spectral nagas (Snake:2)
  Purgy (D:3)
  7 sky beasts
  3 ice beasts
  17 orc warriors
  4 slaves (D:8)
  2 black bears
  A phantom (D:9)
  2 eyes of draining
  24 wolves
  11 ogres
  3 boggarts (Depths:2)
  3 necrophages
  10 crocodiles
  21 centaurs
  2 big kobolds
  18 bullfrogs
  3 earth elementals
  A water moccasin skeleton (D:8)
  7 scorpions
  7 killer bees
  2 howler monkeys
  19 wights
  15 crimson imps
  5 centaur zombies
  7 lava snakes (Volcano)
  7 bullfrog zombies
  6 jellies
  2 quasits (Depths:3)
  9 hounds
  2 bullfrog skeletons
  17 orc priests
  4 iguanas
  An iron imp (Depths:3)
  5 centaur skeletons
  10 worker ants
  22 orc wizards
  2 killer bee zombies
  A hound skeleton (D:7)
  A howler monkey zombie (D:10)
  A worker ant zombie (D:7)
  Robin (D:2)
  A howler monkey skeleton (D:11)
  14 adders
  3 gnolls (D:6)
  A naga simulacrum (Snake:2)
  8 shadow imps
  2 white imps (Depths:3)
  An ufetubus (Depths:3)
  An adder skeleton (D:4)
  4 worms
  2 dart slugs
  7 leopard geckos
  59 orcs
  5 ball pythons
  8 giant cockroaches
  15 goblins
  7 hobgoblins
  15 jackals
  15 kobolds
  2 quokkas
  A ball python skeleton (D:4)
  12 bats
  7 frilled lizards
  5 rats
  16 fungi
  14 plants
1473 creatures vanquished.

Vanquished Creatures (collateral kills)
  A naga (Snake:4)
  A killer bee (D:8)
2 creatures vanquished.

Vanquished Creatures (others)
  An ironheart preserver (Vaults:1)
  A stone giant (Depths:2)
  A merfolk impaler (Shoals:3)
  A naga warrior (Snake:3)
  A deep elf knight (Elf:1)
  A mana viper (Snake:3)
  A salamander (Snake:3)
  A cyclops (Orc:2)
  A guardian serpent (Snake:4)
  A naga mage (Snake:3)
  5 black mambas
  A wind drake (Shoals:4)
  A yak (D:14)
  3 nagas
  An orc warrior (D:5)
  A wolf (Lair:4)
  An orc wizard (D:9)
  An orc (Depths:1)
  A jackal (D:6)
  24 fungi
  40 plants
  12 tentacles (Shoals:4)
101 creatures vanquished.

Grand Total: 1576 creatures vanquished

Notes
Turn   | Place    | Note
-------+----------+-------------------------------------------
     0 | D:1      | Arixos the Demonspawn Monk began the quest for the Orb.
     0 | D:1      | Reached XP level 1. HP: 18/18 MP: 1/1
   147 | D:1      | You fall into a shaft and drop 1 floor!
   289 | D:2      | Gained mutation: You are slightly more attuned to the
                  | shadows. [demonic ancestry]
   289 | D:2      | Reached XP level 2. HP: 24/24 MP: 2/2
   915 | D:2      | Reached skill level 1 in Armour
   915 | D:2      | Reached XP level 3. HP: 29/29 MP: 3/3
   998 | D:2      | Found a sacrificial altar of Ru.
  1012 | D:2      | Became a worshipper of Ru the Awakened
  1033 | D:2      | Gained mutation: You are hated by all. [Ru sacrifice]
  1033 | D:2      | Reached * piety under Ru
  1049 | D:2      | Noticed Sigmund
  1336 | D:3      | Noticed Purgy
  1426 | D:3      | Gained mutation: You have large cloven feet. [demonic
                  | ancestry]
  1426 | D:3      | Reached XP level 4. HP: 35/35 MP: 5/5
  1484 | D:3      | Reached skill level 1 in Short Blades
  1484 | D:3      | Reached skill level 1 in Spellcasting
  2062 | D:4      | Gained mutation: You are partially covered in large bone
                  | plates. (SH +4) [demonic ancestry]
  2062 | D:4      | Reached XP level 5. HP: 34/42 MP: 6/6
  2250 | D:4      | Gained mutation: You are significantly more attuned to the
                  | shadows. [demonic ancestry]
  2250 | D:4      | Reached XP level 6. HP: 48/48 MP: 8/8
  2882 | D:4      | Found an iron altar of Okawaru.
  3090 | D:5      | Entered Level 5 of the Dungeon
  3133 | D:5      | Gained mutation: You cannot study or use magical devices.
                  | [Ru sacrifice]
  3133 | D:5      | Reached ** piety under Ru
  3133 | D:5      | Reached *** piety under Ru
  3198 | D:5      | Gained mutation: You have hoof-like feet. [demonic
                  | ancestry]
  3198 | D:5      | Reached XP level 7. HP: 55/55 MP: 10/10
  3395 | D:5      | Found a staircase to the Ecumenical Temple.
  3402 | Temple   | Entered the Ecumenical Temple
  3912 | D:6      | Noticed a hungry ghost
  3959 | D:6      | Killed a hungry ghost
  4014 | D:6      | Got a scintillating ruby amulet
  4015 | D:6      | Identified the amulet of Pantheism {Inacc MR+ Int+2 SInv}
                  | (You found it on level 6 of the Dungeon)
  4422 | D:5      | Reached skill level 5 in Fighting
  4422 | D:5      | Gained mutation: You are mostly covered in large bone
                  | plates. (SH +6) [demonic ancestry]
  4422 | D:5      | Reached XP level 8. HP: 62/62 MP: 12/12
  4538 | D:6      | Found a hide-covered altar of Uskayaw.
  4539 | D:6      | Found a shadowy altar of Dithmenos.
  4706 | D:6      | Found a white marble altar of Elyvilon.
  4710 | D:6      | Found a sparkling altar of Nemelex Xobeh.
  4713 | D:6      | Noticed a kobold demonologist
  4715 | D:6      | Found a transporter.
  4734 | D:6      | Noticed a deep elf knight
  4817 | D:6      | Got a pitted chain mail
  4818 | D:6      | Identified the +1 chain mail of Guenom {Str-4 Dex+4} (You
                  | found it on level 6 of the Dungeon)
  4886 | D:6      | Noticed a kobold demonologist
  4896 | D:6      | Found a transporter.
  5130 | D:6      | Reached skill level 5 in Dodging
  5502 | D:7      | Noticed Joseph
  5756 | D:7      | Gained mutation: A weak demonic guardian rushes to your
                  | aid. [demonic ancestry]
  5756 | D:7      | Reached XP level 9. HP: 69/69 MP: 13/15
  5794 | D:7      | Learned a level 1 spell: Confusing Touch
  5798 | D:7      | Learned a level 3 spell: Confuse
  6081 | D:7      | Killed Joseph
  6081 | D:7      | Reached skill level 5 in Stealth
  6081 | D:7      | Reached skill level 1 in Hexes
  6266 | D:7      | Reached skill level 2 in Hexes
  6302 | D:7      | Found a snail-covered altar of Cheibriados.
  6410 | D:7      | Gained mutation: Your magical capacity is low. (-10% MP)
                  | [Ru sacrifice]
  6410 | D:7      | Reached **** piety under Ru
  6481 | D:7      | Reached skill level 3 in Hexes
  6844 | D:8      | Found a basalt altar of Yredelemnul.
  6974 | D:8      | Reached skill level 5 in Armour
  7066 | D:8      | Reached skill level 4 in Hexes
  7066 | D:8      | Gained mutation: You are completely covered in large bone
                  | plates. (SH +8) [demonic ancestry]
  7066 | D:8      | Reached XP level 10. HP: 76/76 MP: 15/15
  7749 | D:2      | Noticed Robin
  7767 | D:2      | Killed Robin
  8241 | D:2      | Killed Sigmund
  8241 | D:2      | Reached skill level 5 in Short Blades
  8241 | D:2      | Reached skill level 5 in Spellcasting
  8307 | D:2      | Found a sacrificial altar of Ru.
  8488 | D:3      | Killed Purgy
  9086 | D:8      | Noticed Pikel
  9100 | D:8      | Killed Pikel
  9324 | D:9      | Reached skill level 5 in Hexes
  9487 | D:9      | Gained mutation: You are missing an eye, making it more
                  | difficult to aim. [Ru sacrifice]
  9487 | D:9      | Reached ***** piety under Ru
  9536 | D:9      | Found a runed translucent door.
  9751 | D:9      | Found a shimmering blue altar of Sif Muna.
  9804 | D:9      | Found a staircase to the Lair.
  9944 | Lair:1   | Entered Level 1 of the Lair of Beasts
 10221 | Lair:1   | Noticed a spiny frog
 10230 | Lair:1   | Reached skill level 6 in Hexes
 10230 | Lair:1   | Killed a spiny frog
 10230 | Lair:1   | Gained mutation: You have hooves in place of feet. [demonic
                  | ancestry]
 10230 | Lair:1   | Reached XP level 11. HP: 61/83 MP: 17/17
 11562 | Lair:2   | Found a staircase to the Shoals.
 11581 | Lair:2   | Reached skill level 7 in Hexes
 12115 | Lair:2   | Found a staircase to the Snake Pit.
 12780 | Lair:3   | Got a warped chain mail
 12787 | Lair:3   | Identified the cursed +0 chain mail "Xizxocruap" {Int+2}
                  | (You found it on level 3 of the Lair of Beasts)
 13085 | Lair:3   | Noticed a seven-headed hydra
 13091 | Lair:3   | Killed a seven-headed hydra
 13091 | Lair:3   | Reached skill level 8 in Hexes
 13091 | Lair:3   | Gained mutation: You are completely attuned to the shadows.
                  | [demonic ancestry]
 13091 | Lair:3   | Reached XP level 12. HP: 39/91 MP: 17/19
 13094 | Lair:4   | Noticed a death yak
 13458 | Lair:3   | Upgraded the game from 0.25-a0-248-g18654cfe15 to
                  | 0.25-a0-253-g6f1b5d974a
 13460 | Lair:4   | Noticed a death yak
 13461 | Lair:4   | Noticed a death yak
 13499 | Lair:3   | Killed a death yak
 13671 | Lair:4   | Noticed a death yak
 13671 | Lair:4   | Noticed a death yak
 13872 | Lair:4   | Found a runed translucent gate.
 13872 | Lair:4   | Found a runed translucent gate.
 13872 | Lair:4   | Found a runed translucent gate.
 13879 | Lair:4   | Noticed Fotwecig's ghost (journeyman GnWz)
 14224 | Lair:3   | Killed a death yak
 14341 | Lair:3   | Killed a death yak
 14343 | Lair:3   | Killed a death yak
 14345 | Lair:3   | Killed a death yak
 14897 | Lair:4   | Noticed a 12-headed hydra
 15700 | Lair:5   | Reached skill level 9 in Hexes
 15996 | Lair:6   | Entered Level 6 of the Lair of Beasts
 16098 | Lair:6   | Noticed a death yak
 16131 | Lair:6   | Noticed a death yak
 16136 | Lair:6   | Noticed a death yak
 16137 | Lair:6   | Noticed a death yak
 16141 | Lair:6   | Killed a death yak
 16143 | Lair:6   | Killed a death yak
 16194 | Lair:6   | HP: 3/94 [death yak (20)]
 16197 | Lair:6   | Found a staircase to the Slime Pits.
 16556 | Lair:6   | Noticed a seven-headed hydra
 16560 | Lair:6   | Killed a seven-headed hydra
 16601 | Lair:6   | Noticed a catoblepas
 16640 | Lair:6   | Reached XP level 13. HP: 95/100 MP: 19/21
 18945 | Lair:5   | Identified a scroll of acquirement
 18967 | Lair:6   | Noticed Kirke
 19601 | D:9      | Found a runed translucent door.
 19800 | D:9      | Found a staircase to the Orcish Mines.
 20373 | D:10     | Entered Level 10 of the Dungeon
 20463 | D:10     | Found a snail-covered altar of Cheibriados.
 21118 | D:10     | Found a runed translucent door.
 21150 | D:10     | Reached skill level 1 in Shields
 21582 | D:11     | Found a gate leading to a gauntlet.
 21588 | Gauntlet | Entered a Gauntlet
 21588 | Gauntlet | Found a transporter.
 21595 | Gauntlet | Found a transporter.
 21607 | Gauntlet | Found a runed translucent gate.
 21630 | Gauntlet | Found a transporter.
 21633 | Gauntlet | Noticed an ettin
 21633 | Gauntlet | an ice dragon changed into an ettin
 21643 | Gauntlet | Found a transporter.
 21656 | Gauntlet | Found a transporter.
 21697 | Gauntlet | Found a transporter.
 21729 | Gauntlet | Noticed a dire elephant
 21735 | Gauntlet | Found a transporter.
 21735 | Gauntlet | Found a transporter.
 21769 | Gauntlet | Found a transporter.
 21769 | Gauntlet | Found a transporter.
 21771 | Gauntlet | Found a runed translucent gate.
 21782 | Gauntlet | Found a runed translucent gate.
 23505 | D:12     | You fall into a shaft and drop 2 floors!
 23879 | D:14     | Reached XP level 14. HP: 64/108 MP: 20/23
 24034 | D:14     | Reached skill level 10 in Hexes
 24170 | D:14     | Reached skill level 10 in Fighting
 25217 | D:12     | Got a shimmering leather armour
 25218 | D:12     | Identified the cursed +1 leather armour of Submission {rC+
                  | MR+} (You found it on level 12 of the Dungeon)
 25459 | D:12     | Got a pair of steaming gloves
 25470 | D:12     | Identified the +1 pair of gloves of Furig {rPois rF+ Str-3
                  | Slay+3} (You acquired it on level 12 of the Dungeon)
 25622 | D:13     | Identified the +5 scale mail of the Sparrow {rPois rCorr
                  | Slay-4}
 25836 | D:13     | Found a gate to the Vaults.
 26166 | D:13     | Found Interphar's Armour Shop.
 26669 | Lair:6   | Reached skill level 5 in Shields
 27003 | Lair:6   | Reached skill level 10 in Stealth
 27873 | Lair:4   | Found a runed translucent gate.
 28142 | Lair:4   | Found a runed translucent gate.
 28143 | Lair:4   | Found a runed translucent gate.
 28446 | Lair:4   | Killed Kirke
 29227 | D:15     | Entered Level 15 of the Dungeon
 29490 | D:15     | Gained mutation: A demonic guardian rushes to your aid.
                  | [demonic ancestry]
 29490 | D:15     | Reached XP level 15. HP: 103/117 MP: 25/25
 29996 | D:15     | Found a staircase to the Depths.
 30047 | D:15     | Noticed Jorgrun
 30217 | D:14     | Gained mutation: Your muscles are strong. (Str +2) [potion
                  | of mutation]
 30217 | D:14     | Gained mutation: Your magical capacity is very low. (-20%
                  | MP) [potion of mutation]
 30217 | D:14     | Lost mutation: Your muscles are strong. (Str +2) [potion of
                  | mutation]
 30217 | D:14     | Gained mutation: You are agile. (Dex +2) [potion of
                  | mutation]
 30765 | Orc:1    | Entered Level 1 of the Orcish Mines
 30774 | Orc:2    | Entered Level 2 of the Orcish Mines
 31001 | Orc:2    | Found Roles's Antique Weapon Shop.
 31057 | Orc:2    | Found Ahiury's General Store.
 31062 | Orc:2    | Bought a scroll of teleportation for 42 gold pieces
 31124 | Orc:2    | Found a staircase to the Elven Halls.
 31161 | Orc:1    | Found a dark tunnel.
 31170 | Volcano  | Entered a volcano
 31317 | Volcano  | Reached skill level 10 in Dodging
 31413 | Volcano  | Found a radiant altar of Vehumet.
 31989 | Orc:1    | Noticed Sonja
 31993 | Orc:1    | Killed Sonja
 32390 | Orc:2    | Reached skill level 11 in Hexes
 32534 | Orc:2    | Found Toczot's Antique Armour Emporium.
 32554 | Orc:2    | Found Ecic's Book Boutique.
 32777 | Orc:2    | Bought Further Progress in Spellcraft for 1513 gold pieces
 32784 | Orc:2    | Learned a level 6 spell: Invisibility
 33174 | Snake:1  | Entered Level 1 of the Snake Pit
 33780 | Snake:1  | Found Elaoth's Food Shop.
 33783 | Snake:1  | Found Arotynk's Antique Weapon Shop.
 33783 | Snake:1  | Found Nuurruta's Antique Weapon Boutique.
 33786 | Snake:1  | Found Kinithuo's Book Boutique.
 34106 | Snake:2  | Noticed a nagaraja
 34396 | Snake:2  | Noticed a nagaraja
 34475 | Snake:1  | Killed a nagaraja
 34622 | Snake:1  | Gained mutation: Your flesh is heat resistant. (rF+)
                  | [demonic ancestry]
 34622 | Snake:1  | Reached XP level 16. HP: 125/125 MP: 23/23
 34869 | Snake:2  | Found a runed translucent gate.
 34869 | Snake:2  | Found a runed translucent gate.
 34869 | Snake:2  | Found a runed translucent gate.
 35064 | Snake:2  | Got a translucent hat
 35065 | Snake:2  | Identified the +3 hat "Movota" {rElec MR+ Int+2} (You
                  | acquired it on level 2 of the Snake Pit)
 35560 | Snake:2  | Reached skill level 10 in Armour
 35806 | Snake:2  | Noticed Veteran's ghost (journeyman DDFi)
 35858 | Snake:2  | Killed Veteran's ghost
 35866 | Snake:2  | Got a translucent leather armour
 35874 | Snake:2  | Identified the cursed +1 leather armour of Fun {rN+ Str+4
                  | Int+5 Dex-5} (You found it on level 2 of the Snake Pit)
 35936 | Snake:3  | Mutation became permanent: Your magical capacity is low.
                  | (-10% MP) [Ru sacrifice]
 35936 | Snake:3  | Gained mutation: Your magical capacity is very low. (-20%
                  | MP) [Ru sacrifice]
 36311 | Snake:3  | Reached skill level 10 in Short Blades
 36325 | Snake:3  | Reached skill level 10 in Spellcasting
 36673 | Snake:3  | Reached skill level 12 in Hexes
 37969 | Snake:4  | Entered Level 4 of the Snake Pit
 38649 | Snake:4  | Reached XP level 17. HP: 68/133 MP: 21/24
 39730 | Snake:4  | Noticed Vashnia
 39828 | Snake:4  | Killed Vashnia
 39873 | Snake:4  | Reached skill level 10 in Shields
 39904 | Snake:4  | Reached skill level 13 in Hexes
 40334 | Snake:4  | Found a shattered altar of Ashenzari.
 40426 | Snake:4  | Found Feublob's Book Emporium.
 40877 | Snake:4  | Got a serpentine rune of Zot
 41019 | Snake:4  | Bought a book of Spatial Translocations for 910 gold pieces
 41022 | Snake:4  | Learned a level 2 spell: Blink
 41027 | Snake:4  | Learned a level 4 spell: Passage of Golubria
 41211 | Shoals:1 | Entered Level 1 of the Shoals
 41219 | Shoals:1 | Found a transporter.
 41280 | Shoals:1 | Found Capneik's Antique Weapon Shoppe.
 41337 | Shoals:1 | Noticed a kraken
 41418 | Shoals:1 | Noticed Dufu's ghost (adept HaAM)
 41424 | Shoals:1 | Found a transporter.
 41680 | Shoals:1 | Reached skill level 1 in Translocations
 42705 | Shoals:2 | Found Getuuzop's Book Boutique.
 43003 | Shoals:2 | Reached XP level 18. HP: 140/140 MP: 25/25
 43807 | Shoals:3 | Got an ancient copper amulet
 43808 | Shoals:3 | Identified the amulet "Jeputz" {Regen+ Str+2} (You found it
                  | on level 3 of the Shoals)
 44137 | Shoals:3 | Noticed Ilsuiw
 44451 | Shoals:3 | Noticed Polyphemus
 44844 | Shoals:3 | Killed Polyphemus
 45046 | Shoals:4 | Entered Level 4 of the Shoals
 46735 | Shoals:4 | Identified the ring "Onosiupn" {rElec MR+ Str-2 Dex+5
                  | Stlth+}
 47003 | Shoals:4 | Got a barnacled rune of Zot
 47417 | Lair:4   | Killed Fotwecig's ghost
 47422 | Lair:4   | Got a sparkling silver ring
 47434 | Lair:4   | Identified the ring of Duad {+Fly rElec Dex+4} (You found
                  | it on level 4 of the Lair of Beasts)
 49843 | D:15     | Found a staircase to the Depths.
 50058 | D:15     | Killed Jorgrun
 50397 | Elf:1    | Entered Level 1 of the Elven Halls
 50410 | Elf:1    | Reached skill level 5 in Translocations
 50449 | Elf:1    | Found Taoxzin's Jewellery Emporium.
 50882 | Elf:1    | Found the +1 cloak of Starlight {rElec rC+ EV+4 Stlth--}
 51021 | Elf:1    | Gained mutation: You are immune to clouds of flame.
                  | [demonic ancestry]
 51021 | Elf:1    | Reached XP level 19. HP: 137/148 MP: 24/26
 51174 | Elf:1    | Identified the Papyrus of Combat Magic and Creation
 51980 | Elf:2    | Reached skill level 14 in Hexes
 52429 | Elf:2    | Found a huge runed translucent gate.
 52429 | Elf:2    | Found a huge runed translucent gate.
 52430 | Elf:2    | Found a huge runed translucent gate.
 52430 | Elf:2    | Found a huge runed translucent gate.
 52431 | Elf:2    | Found a huge runed translucent gate.
 53632 | Depths:1 | Entered Level 1 of the Depths
 54157 | Depths:1 | Noticed Saint Roka
 54184 | Depths:1 | Killed Saint Roka
 54542 | Depths:1 | Found a gateway to Hell.
 54666 | Depths:1 | Found a shattered altar of Ashenzari.
 55536 | Depths:1 | Reached XP level 20. HP: 151/156 MP: 25/27
 55660 | Depths:2 | Found a gateway to a bazaar.
 55992 | Depths:2 | Found an ornate altar of the Wu Jian Council.
 56117 | Depths:2 | Found a gateway to a ziggurat.
 56417 | Depths:2 | Found Qoreomej's Armour Shop.
 56422 | Depths:2 | Found Boptyq's Food Shop.
 56834 | Depths:2 | Noticed a juggernaut
 57111 | Depths:2 | Noticed a golden dragon
 57136 | Depths:2 | Killed a golden dragon
 58219 | Depths:3 | Noticed the Enchantress
 58220 | Depths:3 | Killed the Enchantress
 58444 | Depths:3 | Found a one-way gate leading to the halls of Pandemonium.
 58640 | Depths:3 | Found a one-way gate to the infinite horrors of the Abyss.
 58845 | Depths:3 | Identified the Disquisition on the Frostbite
 58919 | Depths:3 | Noticed Boris
 59165 | Depths:1 | Upgraded the game from 0.25-a0-253-g6f1b5d974a to
                  | 0.25-a0-265-g7af84ae0ac
 59255 | Vaults:1 | Entered Level 1 of the Vaults
 59600 | D:13     | Learned a level 2 spell: Ensorcelled Hibernation
 59686 | Vaults:1 | Noticed Donald
 59700 | Vaults:1 | Killed Donald
 60026 | Vaults:1 | HP: 1/158 [vault guard/+0 war axe[a vault warden] (10)]
 60028 | Vaults:1 | Mangled by an ironbrand convoker

Levels and vault maps discovered:
D:1:      minmay_arrival_four_houses, layout_loops_ring, minmay_pentomino_z4
D:2:      layout_basic, marbit_many_paths, uniq_robin, uniq_sigmund
D:3:      layout_basic, uniq_purgy
D:4:      layout_loops_ring, kennysheep_little_box, first_ration
D:5:      layout_basic, minmay_temple_entry_wispy
D:6:      gammafunk_wand_slinger, layout_basic, grunt_temple_overflow_open
D:7:      layout_basic, slow_altar_1, grunt_livestock, uniq_joseph
D:8:      layout_layer_cave, lemuel_crystal_altar, uniq_pikel
D:9:      cheibrodos_histonic, layout_basic, david_lair_shrubbed, david_orc_4,
          tgw_sif
D:10:     minmay_recursive_quarters, layout_basic, basic_altar, minmay_st_funbox
D:11:     layout_layer_cave, gauntlet_entry_generic
D:12:     layout_roguey
D:13:     layout_irregular_city, erik_vaults_1, serial_shops, shop_statue
D:14:     layout_big_octagon, hangedman_decor_opposing, minivault_5, hex_medium,
          serial_park_tiny_2, corexii_corridor_pit, minmay_statues_item
D:15:     hangedman_depths_entry_civil_slaughter, layout_basic,
          minmay_misc_feat_columns, uniq_jorgrun
Temple:   eino_narrow_crystal_temple
Lair:1:   layout_loops_ring
Lair:2:   layout_chaotic_city, minmay_shoals_entry_beasts, dummy_snake_entry,
          patterned_corridor
Lair:3:   layout_loops_ring, lemuel_fruit_tree
Lair:4:   layout_regular_city, gammafunk_ghost_hydra_chop
Lair:5:   layout_long_grid
Lair:6:   evilmike_catoblepas_cave, layout_regular_city,
          minmay_slime_entry_oklob_open, serial_bayou_pond_a, uniq_kirke
Shoals:1: layout_shoals, serial_shops, nicolae_shop_overgrown_old_shop,
          gammafunk_ghost_arena
Shoals:2: layout_shoals, serial_shops, nicolae_shop_stone
Shoals:3: layout_shoals, uniq_polyphemus, uniq_ilsuiw
Shoals:4: shoals_end_simple, layout_shoals, shoal_ilsuiw,
          nicolae_shoals_kraken_intersection
Snake:1:  layout_gridlike, minmay_shoptagon, grunt_megastairs_3
Snake:2:  layout_onion_interference, gammafunk_ghost_necromancy,
          nicolae_snake_linked_coils
Snake:3:  layout_layer_cave, portal_ice_cave_entry_pillars_three,
          grunt_megastairs_1
Snake:4:  johnstein_snake_rune_scales, layout_rooms, special_room, serial_shops,
          nicolae_shop_trees, basic_altar
Orc:1:    layout_caves, enter_volcano_3, uniq_sonja
Orc:2:    grunt_orc_gardens, layout_caves, grunt_orc_garden, grunt_orc_garden,
          grunt_orc_garden, grunt_orc_garden
Elf:1:    elf_arrival_002, layout_gridlike, serial_shops, shop,
          minmay_elf_sorcery, columned_hall_lemuel, hangedman_elf_represent
Elf:2:    layout_gridlike, grunt_megastairs_4
Vaults:1: v_misc_9, hangedman_vaults_stretched_pinwheel,
          nicolae_vaults_border_crossing, dpeg_vaults_monster_box,
          nicolae_vaults_shelves_hall, dpeg_vaults_monster_row,
          nicolae_vaults_three_branches, nicolae_vaults_rhombus_6,
          vaults_dpeg_ring, layout_vaults_omnigrid, uniq_nikola, uniq_donald
Depths:1: layout_roguey, pf_hell_entry_tar_river, minmay_misc_feat_five,
          serial_sigils_hangedman_gnaw, nrook_mini_vaults, roderic_lattice_a,
          ashenzari_altar_1, serial_bayou_shore_a, serial_bayou_shore_b,
          serial_bayou_shore_b, uniq_saint_roka
Depths:2: cheibrodos_salmonella, layout_basic, enter_ziggurat_b, hell_entry,
          serial_shops, statue_bzr, chequers_jeans, kennysheep_flooded_box,
          minmay_shop_star
Depths:3: minmay_ornate_pinched, layout_cave_shapes,
          chequers_serial_rivers_micro_e, hell_entry,
          grunt_pan_entry_in_and_out, abyss_entry, uniq_enchantress, uniq_boris

Skill      XL: |  1  2  3  4  5  6  7  8  9 10 11 12 13 14 15 16 17 18 19 20 |
---------------+-------------------------------------------------------------+-----
Dodging        | 3 4 5 6 7 8 9 10 11 12 | 12.7
Armour         | 1 2 3 4 5 6 7 8 9 10 11 12 | 12.4
Stealth        | 2 3 4 5 6 7 8 9 10 11 12 13 | 13.5
Short Blades   | 1 2 3 4 5 6 7 8 9 10 11 12 | 12.3
Spellcasting   | 1 2 3 4 5 6 7 8 9 10 | 10.0
Fighting       | 4 5 6 7 8 9 10 11 12 13 | 13.8
Hexes          | 4 6 8 9 10 11 12 13 14 | 14.6
Shields        | 3 6 7 9 10 11 12 13 | 13.4
Translocations | 2 5 7 9 |  9.0
Unarmed Combat | |  2.6

Action                   |  1- 3 |  4- 6 |  7- 9 | 10-12 | 13-15 | 16-18 | 19-21 || total
-------------------------+-------+-------+-------+-------+-------+-------+-------++-------
Melee: Unarmed           |    36 |       |       |       |    12 |       |       ||    48
       Punch             |     1 |     2 |    19 |     6 |     1 |       |       ||    29
       Dagger            |    22 |       |       |       |       |       |       ||    22
       Short sword       |    67 |   278 |   940 |  1002 |   311 |       |       ||  2598
       Kick              |       |    32 |       |   217 |   814 |   907 |   533 ||  2503
       Rapier            |       |       |       |       |  1616 |  2167 |  1273 ||  5056
 Cast: Confusing Touch   |       |       |    33 |   164 |   301 |   320 |    77 ||   895
       Confuse           |       |       |       |    15 |    49 |    34 |     3 ||   101
       Invisibility      |       |       |       |       |       |    16 |    10 ||    26
       Passage of Golubr |       |       |       |       |       |       |     7 ||     7
       Blink             |       |       |       |       |       |       |     6 ||     6
       Ensorcelled Hiber |       |       |       |       |       |       |     1 ||     1
Invok: Sacrifice Love    |     1 |       |       |       |       |       |       ||     1
       Sacrifice Artific |       |     1 |       |       |       |       |       ||     1
       Draw Out Power    |       |       |     1 |     2 |     2 |    12 |     4 ||    21
       Sacrifice Essence |       |       |     1 |       |       |     1 |       ||     2
       Sacrifice an Eye  |       |       |       |     1 |       |       |       ||     1
       Apocalypse        |       |       |       |     9 |    16 |     6 |     6 ||    37
       Reject Sacrifices |       |       |       |     1 |     2 |     2 |     1 ||     6
       Power Leap        |       |       |       |     1 |     1 |     4 |       ||     6
  Use: Scroll            |       |     9 |     3 |     7 |    24 |    14 |     4 ||    61
       Potion            |       |     3 |       |       |    17 |    10 |     5 ||    35
 Stab: Sleeping          |     9 |     7 |    15 |    42 |    79 |    78 |    45 ||   275
       Distracted        |       |     2 |     3 |     4 |    10 |    16 |    10 ||    45
       Invisible         |       |       |     6 |     3 |    24 |    68 |    57 ||   158
       Confused          |       |       |    27 |    98 |   181 |   242 |    62 ||   610
       Paralysed         |       |       |       |    13 |    21 |    11 |    16 ||    61
       Fleeing           |       |       |       |       |       |     1 |       ||     1
  Eat: Chunk             |     2 |     6 |    13 |    29 |    53 |    28 |    24 ||   155
       Ration            |       |       |     4 |     1 |     4 |    10 |     3 ||    22
Armor: Robe              |    19 |       |       |       |       |       |       ||    19
       Ring mail         |    32 |    55 |   224 |   205 |   135 |       |       ||   651
       Skin              |       |    14 |       |       |       |       |       ||    14
       Troll leather arm |       |       |       |       |   180 |   166 |       ||   346
       Leather armour    |       |       |       |       |    37 |   136 |    99 ||   272
       Acid dragon scale |       |       |       |       |       |       |    17 ||    17
Dodge: Dodged            |    94 |   107 |   335 |   361 |   599 |   777 |   297 ||  2570
Block: Other             |       |    23 |   159 |   279 |   133 |       |       ||   594
       Buckler           |       |       |       |       |   678 |  1371 |   422 ||  2471
       Shield            |       |       |       |       |       |       |   159 ||   159

Table legend:
 A = Non-vault XP
 B = Vault XP
 C = Vault XP percentage of total XP
 D = Non-vault monster count
 E = Vault monster count
 F = Vault count percentage of total count
                 A         B        C        D         E       F
            +---------+---------+-------+---------+---------+-------
      Total |  355082 |  217010 |  37.9 |    1060 |     400 |  27.4
            +---------+---------+-------+---------+---------+-------
        D:1 |      15 |       9 |  37.5 |      10 |       3 |  23.1
        D:2 |      83 |     279 |  77.1 |      24 |      13 |  35.1
        D:3 |      98 |     132 |  57.4 |      26 |       1 |   3.7
        D:4 |     562 |       0 |   0.0 |      32 |       0 |   0.0
        D:5 |     586 |       0 |   0.0 |      13 |       0 |   0.0
        D:6 |    1156 |       0 |   0.0 |      39 |       0 |   0.0
        D:7 |     774 |    1333 |  63.3 |      23 |       7 |  23.3
        D:8 |    1922 |     673 |  25.9 |      31 |       1 |   3.1
        D:9 |    1162 |    2655 |  69.6 |      18 |      36 |  66.7
       D:10 |    1987 |    1599 |  44.6 |      16 |      12 |  42.9
       D:11 |    4368 |       0 |   0.0 |      31 |       0 |   0.0
       D:12 |    4104 |       0 |   0.0 |      21 |       0 |   0.0
       D:13 |    7227 |    1808 |  20.0 |      35 |       2 |   5.4
       D:14 |   12324 |       0 |   0.0 |      57 |       0 |   0.0
       D:15 |   17537 |    7851 |  30.9 |      44 |       7 |  13.7
     Lair:1 |    5773 |       0 |   0.0 |      30 |       0 |   0.0
     Lair:2 |    1923 |     792 |  29.2 |      11 |       2 |  15.4
     Lair:3 |   10118 |       0 |   0.0 |      30 |       0 |   0.0
     Lair:4 |    2400 |    4226 |  63.8 |      17 |       3 |  15.0
     Lair:5 |    6428 |     403 |   5.9 |      20 |       2 |   9.1
     Lair:6 |    9897 |   11800 |  54.4 |      29 |      27 |  48.2
   Shoals:1 |   13629 |       0 |   0.0 |      31 |       0 |   0.0
   Shoals:2 |   16461 |    3158 |  16.1 |      35 |       4 |  10.3
   Shoals:3 |   11522 |    3112 |  21.3 |      24 |       2 |   7.7
   Shoals:4 |   12520 |   19968 |  61.5 |      34 |      32 |  48.5
    Snake:1 |   12476 |    2914 |  18.9 |      20 |       4 |  16.7
    Snake:2 |   16937 |    3008 |  15.1 |      34 |      10 |  22.7
    Snake:3 |   28479 |    4628 |  14.0 |      54 |      12 |  18.2
    Snake:4 |   27373 |   34545 |  55.8 |      56 |      60 |  51.7
      Orc:1 |     692 |    1089 |  61.1 |      11 |       3 |  21.4
      Orc:2 |    2159 |    8531 |  79.8 |      18 |      11 |  37.9
      Elf:1 |   28636 |   15156 |  34.6 |      47 |      22 |  31.9
      Elf:2 |   16179 |   23863 |  59.6 |      28 |      31 |  52.5
   Vaults:1 |   12408 |   21402 |  63.3 |      19 |      24 |  55.8
   Depths:1 |   31628 |    8291 |  20.8 |      42 |      13 |  23.6
   Depths:2 |   26895 |    8450 |  23.9 |      41 |       5 |  10.9
   Depths:3 |    6644 |   20780 |  75.8 |       9 |      30 |  76.9
    Volcano |       0 |    4555 | 100.0 |       0 |      21 | 100.0
            +---------+---------+-------+---------+---------+-------
